 Dungeon Crawl Stone Soup version 0.20.1-1-g8b1a95d (webtiles) character file.

14253 homeworkjunkie the Cleaver (level 12, -27/105 HPs)
             Began as a Hill Orc Fighter on Nov 7, 2017.
             Was a High Priest of Okawaru.
             Annihilated by an enormous slime creature (30 damage)
             ... on level 9 of the Dungeon.
             The game lasted 00:24:29 (8425 turns).

homeworkjunkie the Cleaver (Hill Orc Fighter)       Turns: 8425, Time: 00:24:29

Health: -27/105    AC: 23    Str: 22    XL:     12   Next: 14%
Magic:  16/16      EV:  7    Int:  8    God:    Okawaru [*****.]
Gold:   578        SH: 11    Dex: 12    Spells: 13/13 levels left

rFire    . . .     SeeInvis .   a - +3 war axe
rCold    . . .     Gourm    .   c - +0 shield
rNeg     . . .     Faith    .   y - +0 plate armour
rPois    .         Spirit   .   f - +0 helmet
rElec    .         Reflect  .   l - +2 cloak
rCorr    .         Harm     +   m - +0 pair of gloves
MR       ++...                  g - +0 pair of boots
Stlth    ..........             r - amulet of harm
Regen    0.3/turn               i - ring of wizardry
MPRegen  0.2/turn               (no ring)

@: no status effects
A: molten scales 1, magic resistance 2, sense surroundings 1
a: Heroism, Finesse, Renounce Religion


You were on level 9 of the Dungeon.
You worshipped Okawaru.
Okawaru was extremely pleased with you.
You were very full.

You visited 3 branches of the dungeon, and saw 13 of its levels.
You also visited: Ossuary and Bailey.

You collected 578 gold pieces.

Inventory:

Hand Weapons
 a - a +3 war axe (weapon)
Missiles
 b - 19 javelins of returning (quivered)
 B - 4 javelins of penetration
Armour
 c - a +0 shield (worn)
 f - a +0 helmet (worn)
 g - a +0 pair of boots (worn)
 l - a +2 cloak (worn)
 m - a +0 pair of gloves (worn)
 y - a +0 plate armour (worn)
Jewellery
 i - a ring of wizardry (left hand)
 r - an amulet of harm (around neck)
Wands
 j - a wand of polymorph (0/24)
 o - a wand of paralysis (12/24)
 q - a wand of acid (6/15)
 z - a wand of polymorph (13/24)
 A - a wand of polymorph (12/24)
Scrolls
 n - a scroll of remove curse
 v - a scroll of teleportation
Potions
 d - a potion of might
 e - 4 potions of agility
 h - 4 potions of brilliance
 k - 4 potions of berserk rage
 p - 2 potions of haste
 s - 2 potions of magic
 w - a potion of heal wounds
 x - a potion of mutation
Comestibles
 t - a bread ration
 u - 4 meat rations


   Skills:
 * Level 9.4 Fighting
 * Level 14.5 Axes
 + Level 2.9 Throwing
 * Level 8.5 Armour
 + Level 3.4 Dodging
 + Level 1.8 Stealth
 * Level 9.0 Shields
 + Level 2.1 Unarmed Combat
 + Level 1.3 Spellcasting
 + Level 2.7 Invocations
 * Level 6.6 Evocations


You had 13 spell levels left.
You didn't know any spells.

Dungeon Overview and Level Annotations

Branches:
Dungeon (10/15)            Temple (1/1) D:5            Lair (2/6) D:8
  Swamp: Lair:2-4    Shoals: Lair:2-4     Snake: Lair:2-4    Spider: Lair:2-4
    Orc: D:9-12

Altars:
Dithmenos
Hepliaklqana
Makhleb
Nemelex Xobeh
Okawaru
Qazlal
Ru
Trog
Xom
Yredelemnul
The Shining One


Innate Abilities, Weirdness & Mutations

You are partially covered in molten scales. (AC +2)
You are highly resistant to hostile enchantments. (MR++)
You passively map a small area around you.


Message History

Unknown command.
The very large slime creature hits you!!
* * * LOW HITPOINT WARNING * * *
Two slime creatures merge to form an enormous slime creature.
You hit the enormous slime creature.
The enormous slime creature is severely wounded.
You hit the enormous slime creature.
The enormous slime creature is severely wounded.
You slash the enormous slime creature!
The enormous slime creature is severely wounded.
You slash the enormous slime creature!
The enormous slime creature is severely wounded.
You block the enormous slime creature's attack.
You slash the enormous slime creature!
The enormous slime creature is almost dead.
The enormous slime creature barely misses you.
You slash the enormous slime creature!
The enormous slime creature is almost dead.
The enormous slime creature hits you!!
You die...

#.$..#######.###.(
*
##..............#..
,, ,
.............>#.#..
, ,, , *
......########.#'#
* ......... ,
.#.... , *#.....###
##.#.... #O...J...
#<>#.... ###+###J#
** #(.#.#'#
#.....#@#, *
#..#.#.# #.....#.#
#).#.#.# #.......#
* #..#.#.#
######.####.#
#..#.#.#
.............# *
,#..#.#.#
#####....#####
#..#.#.# ..# #....#
,#..#.#.# #.#
#.(..## #.#
#..#.#.# #.#
#.....# #.#
#.#..#.#.#


You could see an enormous slime creature and a two-headed ogre.

Vanquished Creatures
  A great orb of eyes (D:8)
  A two-headed ogre (D:9)
  The ghost of letownia2 the Reanimator, a novice DDNe of Gozag (D:6)
  Joseph (D:7)
  2 spiny frogs (Lair:1)
  A komodo dragon (Lair:1)
  2 trolls (D:9)
  A slime creature (D:9)
  2 hippogriffs (D:8)
  A hungry ghost (D:8)
  Menkaure (D:4)
  3 wargs
  A porcupine (Lair:1)
  13 orc warriors
  2 sky beasts (D:8)
  2 ice beasts (D:7)
  4 phantoms
  2 ogres
  A boggart (D:7)
  12 centaurs
  4 bullfrogs
  Dowan (D:7)
  3 water moccasin zombies (Ossuary)
  A wyvern skeleton (D:7)
  2 scorpions
  6 killer bees
  An electric eel (D:10)
  3 howler monkeys
  3 crimson imps (D:6)
  A bullfrog zombie (D:5)
  3 centaur skeletons
  2 orc priests
  7 hounds
  6 orc wizards
  Crazy Yiuf (D:2)
  3 iguanas
  Natasha (thrice) (D:2)
  7 worker ants
  2 big kobold zombies (Ossuary)
  A hound skeleton (D:4)
  2 mummies (Ossuary)
  A howler monkey skeleton (D:6)
  3 gnolls (D:3)
  8 adders
  2 shadow imps
  2 oozes
  2 adder skeletons
  6 adder zombies
  2 leopard geckos
  37 orcs
  11 giant cockroaches
  4 gnoll zombies (Ossuary)
  6 goblins
  7 hobgoblins
  9 jackals
  3 quokkas
  A ball python (D:2)
  3 bats
  10 frilled lizards
  4 hobgoblin zombies (Ossuary)
  A jackal zombie (D:5)
  6 kobolds
  11 kobold zombies (Ossuary)
  2 leopard gecko skeletons
  6 orc zombies
  10 rats
273 creatures vanquished.

Vanquished Creatures (collateral kills)
  The ghost of homeworkjunkie the Chopper, an amateur HOFi (D:4)
1 creature vanquished.

Vanquished Creatures (others)
  A fungus (Lair:1)
1 creature vanquished.

Grand Total: 275 creatures vanquished

Notes
Turn   | Place    | Note
-------+----------+-------------------------------------------
     0 | D:1      | homeworkjunkie the Hill Orc Fighter began the quest for the Orb.
     0 | D:1      | Reached XP level 1. HP: 19/19 MP: 1/1
    69 | D:2      | Reached skill level 3 in Axes
    69 | D:2      | Reached XP level 2. HP: 19/27 MP: 2/2
   125 | D:1      | Reached XP level 3. HP: 20/33 MP: 3/3
   307 | D:2      | Noticed Natasha
   320 | D:2      | Killed Natasha
   320 | D:2      | Reached skill level 4 in Axes
   320 | D:2      | Reached XP level 4. HP: 24/40 MP: 4/4
   494 | D:3      | Gained mutation: You passively map a small area around you. [potion of mutation]
   494 | D:3      | Gained mutation: You are partially covered in molten scales. (AC +2) [potion of mutation]
   494 | D:3      | Gained mutation: You are resistant to hostile enchantments. (MR+) [potion of mutation]
   494 | D:3      | Gained mutation: You are highly resistant to hostile enchantments. (MR++) [potion of mutation]
   812 | D:4      | Noticed homeworkjunkie's ghost (amateur HOFi)
  1168 | D:3      | Found a glowing golden altar of the Shining One.
  1213 | D:3      | Reached XP level 5. HP: 45/47 MP: 5/5
  1362 | D:2      | Reached skill level 5 in Axes
  1425 | D:2      | Noticed Natasha
  1440 | D:2      | Killed Natasha
  1499 | D:2      | Noticed Natasha
  1505 | D:2      | Killed Natasha
  1513 | D:2      | Found a runed door.
  1542 | D:2      | Noticed Crazy Yiuf
  1547 | D:2      | Killed Crazy Yiuf
  1547 | D:2      | Reached skill level 1 in Dodging
  1547 | D:2      | Reached XP level 6. HP: 41/53 MP: 6/6
  1921 | D:1      | Found a sparkling altar of Nemelex Xobeh.
  2145 | D:4      | Reached skill level 6 in Axes
  2154 | D:5      | Entered Level 5 of the Dungeon
  2164 | D:5      | Reached XP level 7. HP: 38/60 MP: 7/7
  2201 | D:4      | Reached skill level 5 in Fighting
  2511 | D:5      | Found a staircase to the Ecumenical Temple.
  2515 | D:5      | Found a sand-covered staircase.
  2543 | Ossuary  | Entered an ossuary
  2572 | Ossuary  | Reached skill level 7 in Axes
  2683 | Ossuary  | Reached skill level 1 in Evocations
  2827 | Temple   | Entered the Ecumenical Temple
  2840 | Temple   | Became a worshipper of Warmaster Okawaru
  3094 | D:4      | Killed homeworkjunkie's ghost
  3094 | D:4      | Reached skill level 8 in Axes
  3094 | D:4      | Reached XP level 8. HP: 70/70 MP: 7/9
  3137 | D:4      | Reached skill level 5 in Shields
  3290 | D:4      | Noticed Menkaure
  3298 | D:4      | Killed Menkaure
  3298 | D:4      | Reached * piety under Okawaru
  3323 | D:4      | Reached skill level 9 in Axes
  3540 | D:5      | Reached skill level 5 in Armour
  3648 | D:6      | Noticed letownia2's ghost (novice DDNe)
  3659 | D:6      | Killed letownia2's ghost
  3659 | D:6      | Reached skill level 10 in Axes
  3659 | D:6      | Reached XP level 9. HP: 35/78 MP: 9/11
  3996 | D:5      | Reached ** piety under Okawaru
  4183 | D:6      | Reached skill level 11 in Axes
  4348 | D:7      | Noticed Joseph
  4361 | D:7      | Killed Joseph
  4361 | D:7      | Reached *** piety under Okawaru
  4463 | D:7      | Found a flagged portal.
  4487 | Bailey   | Entered a bailey
  4578 | Bailey   | Reached skill level 12 in Axes
  4578 | Bailey   | Reached XP level 10. HP: 80/86 MP: 12/12
  5328 | Bailey   | Reached skill level 13 in Axes
  5328 | Bailey   | Reached skill level 1 in Stealth
  5328 | Bailey   | Reached skill level 1 in Spellcasting
  5328 | Bailey   | Reached skill level 5 in Evocations
  5328 | Bailey   | Reached XP level 11. HP: 66/95 MP: 12/14
  6040 | D:8      | Reached **** piety under Okawaru
  6213 | D:6      | Noticed a moth of wrath
  6218 | D:6      | Found a bloodstained altar of Trog.
  6469 | D:8      | Found a staircase to the Lair.
  6511 | D:7      | Noticed Dowan
  6513 | D:7      | Noticed Duvessa
  6514 | D:7      | Noticed Duvessa
  6514 | D:7      | Duvessa changed into Duvessa the boggart
  6525 | D:7      | Killed Duvessa the boggart
  6529 | D:7      | Killed Dowan
  6832 | D:8      | Noticed an eight-headed hydra
  6835 | D:8      | Noticed a great orb of eyes
  6835 | D:8      | an eight-headed hydra changed into a great orb of eyes
  6842 | D:8      | Killed a great orb of eyes
  6954 | D:9      | Noticed a two-headed ogre
  6964 | D:9      | Killed a two-headed ogre
  6964 | D:9      | Reached skill level 14 in Axes
  7007 | D:8      | Received a gift from Okawaru
  7007 | D:8      | Reached ***** piety under Okawaru
  7436 | Lair:1   | Entered Level 1 of the Lair of Beasts
  7649 | Lair:1   | Reached XP level 12. HP: 71/104 MP: 16/16
  8164 | D:10     | Entered Level 10 of the Dungeon
  8169 | D:10     | Received a gift from Okawaru
  8416 | D:9      | Noticed a two-headed ogre
  8419 | D:9      | HP: 1/105 [very large slime creature (39)]
  8425 | D:9      | Annihilated by an enormous slime creature

Skill      XL: |  1  2  3  4  5  6  7  8  9 10 11 12 |
---------------+-------------------------------------+-----
Axes           | 3 4 5 6 8 10 12 13 14 | 14.5
Fighting       | 4 5 6 7 8 9 |  9.4
Armour         | 4 5 6 7 8 |  8.5
Shields        | 4 5 6 8 9 |  9.0
Dodging        | 1 2 3 |  3.4
Evocations     | 1 2 3 5 6 |  6.6
Throwing       | 2 |  2.9
Stealth        | 1 |  1.8
Unarmed Combat | 2 |  2.1
Spellcasting   | 1 |  1.3
Invocations    | 2 |  2.7

Action                   |  1- 3 |  4- 6 |  7- 9 | 10-12 || total
-------------------------+-------+-------+-------+-------++-------
Melee: War axe           |    73 |   189 |   307 |   385 ||   954
Throw: Javelin           |       |       |     1 |     6 ||     7
Invok: Heroism           |       |       |       |     1 ||     1
Evoke: Wand              |       |       |    10 |    11 ||    21
  Use: Scroll            |       |     9 |    12 |     9 ||    30
       Potion            |       |     1 |     3 |     3 ||     7
 Stab: Paralysed         |       |       |       |     4 ||     4
  Eat: Bread ration      |       |     2 |       |     3 ||     5
       Fruit             |       |       |     1 |     1 ||     2
       Meat ration       |       |       |     1 |       ||     1
       Royal jelly       |       |       |       |     2 ||     2
Armor: Scale mail        |    39 |    92 |    72 |       ||   203
       Plate armour      |       |       |    56 |   181 ||   237
Dodge: Dodged            |    25 |    78 |    76 |    75 ||   254
Block: Shield            |    40 |   105 |   141 |   214 ||   500
